 Dungeon Crawl Stone Soup version 0.18-a0-1551-g40744a8 (webtiles) character file.

53 Ratboiler the Sneak (level 3, -1/17 HPs)
             Began as a Felid Wanderer on Mar 11, 2016.
             Slain by Grinder (4 damage)
             ... while paralysed by Grinder
             ... on level 3 of the Dungeon.
             The game lasted 00:04:18 (1601 turns).

Ratboiler the Sneak (Felid Wanderer)                Turns: 1601, Time: 00:04:18

Health: -1/17      AC:  1    Str:  9    XL:     3   Next: 62%
Magic:  4/4        EV:  4    Int: 11    God:
Gold:   61         SH:  0    Dex: 17    Spells: 0 memorised, 2 levels left
                                        Lives:  0   Deaths: 0

rFire  . . .     SeeInvis +       - Unarmed
rCold  . . .     Gourm    .     (armour unavailable)
rNeg   . . .     Faith    .     (shield unavailable)
rPois  .         Spirit   .     (helmet unavailable)
rElec  .         Dismiss  .     (cloak unavailable)
rCorr  .         Reflect  .     (gloves unavailable)
SustAt .         Harm     .     (boots unavailable)
MR     .....                    m - amulet of inaccuracy (curse)
Stlth  ++++......               (no ring)
                                (no ring)

@: paralysed, quick, not resistant to hostile enchantments, stealthy
A: no armour, no weapons or thrown items, claws 1, fangs 3, see invisible,
carnivore 3, speed 1, shaggy fur 1, slow metabolism 1, sharp paws
a: no special abilities


You were on level 3 of the Dungeon.
You were very full.

You visited 1 branch of the dungeon, and saw 3 of its levels.

You collected 61 gold pieces.

Inventory:

Jewellery
 m - a cursed amulet of inaccuracy (around neck)
Scrolls
 a - a scroll of blinking
 c - 2 scrolls of teleportation
 e - a scroll of magic mapping
Potions
 b - 2 potions of berserk rage
 d - 2 potions of curing
 g - 2 potions of lignification {unknown}
 h - a potion of degeneration {unknown}
 k - a potion of ambrosia {unknown}
 l - a potion of might {unknown}
Comestibles
 f - 2 meat rations


   Skills:
 - Level 3.0 Fighting
 - Level 2.6 Dodging
 + Level 6.1 Stealth
 + Level 2.9 Unarmed Combat


You had 2 spell levels left.
You didn't know any spells.

Dungeon Overview and Level Annotations

Branches:
Dungeon (3/15)

Altars:
Ashenzari
Makhleb
Nemelex Xobeh
Pakellas

Annotations:
D:3 Grinder


Innate Abilities, Weirdness & Mutations

You cannot wear armour.
You are incapable of wielding weapons or throwing items.
You have sharp claws.
You have razor-sharp teeth.
You have supernaturally acute eyesight.
You are carnivorous and can eat meat at any time.
You cover ground quickly.
You are covered in fur (AC +1).
You have a slow metabolism.
Your sharp claws are effective at attacking unaware monsters.


Message History

You climb downwards.
A rat and Grinder come into view.
Found a short sword.
Found a stone staircase leading down.
There is a stone staircase leading up here.
A giant newt comes into view.
Found three items.
You pounce on the unaware helpless Grinder!
You mangle Grinder!!
Grinder is heavily wounded.
Grinder gestures at you.
You suddenly lose the ability to move!
Grinder hits you!
Ouch! That really hurt!
You writhe in agony. x2
Grinder hits you.
* * * LOW HITPOINT WARNING * * *
You writhe in agony.
* * * LOW HITPOINT WARNING * * *
Grinder hits you.
You die...

.#....#
.#..#.#
...r>#
#..#.#
#?.#.#
#..#.#
###+#..#.#
#......@<#
#.....5#.#
#......+.#
#...l..###
#)...?.
#....$.
#......
#......


You could see Grinder and a giant newt.

Vanquished Creatures
  An ooze (D:1)
  A dart slug (D:1)
  2 giant cockroaches (D:1)
  5 hobgoblins
  6 jackals
  5 kobolds
  A ball python (D:1)
  8 bats
  4 giant newts
  5 goblins
  9 rats
47 creatures vanquished.

Notes
Turn   | Place    | Note
--------------------------------------------------------------
     0 | D:1      | Ratboiler the Felid Wanderer began the quest for the Orb.
     0 | D:1      | Ratboiler set off with: a scroll of blinking, a potion of berserk rage, a scroll of teleportation, a potion of curing, a meat ration
     0 | D:1      | Reached XP level 1. HP: 10/10 MP: 2/2
   108 | D:1      | Reached XP level 2. HP: 12/14 MP: 3/3
   675 | D:1      | Reached XP level 3. HP: 17/17 MP: 4/4
  1218 | D:2      | Reached skill level 6 in Stealth
  1351 | D:2      | Found an oddly glowing altar of Pakellas.
  1357 | D:2      | Found a sparkling altar of Nemelex Xobeh.
  1357 | D:2      | Found a burning altar of Makhleb.
  1357 | D:2      | Found a shattered altar of Ashenzari.
  1596 | D:3      | Noticed Grinder
  1598 | D:3      | Paralysed by Grinder for 4 turns
  1601 | D:3      | Slain by Grinder

Vault maps used:
D:1:      nicolae_arrival_memento_mori
D:2:      grunt_temple_overflow_open, grunt_ministairs_5
D:3:      uniq_grinder, uniq_iyjb

Skill      XL: |  1  2  3 |
---------------+----------+-----
Unarmed Combat | 2 |  2.9
Stealth        | 6 |  6.1
Fighting       | |  3.0
Dodging        | |  2.6

Action                   || total
-------------------------++-------
Melee: Unarmed           ||    97
  Use: Scroll            ||     4
 Stab: Sleeping          ||    14
       Distracted        ||     3
  Eat: Chunk             ||     8
